 Dungeon Crawl Stone Soup version 0.29-a0-1019-g84f7d21838 (webtiles) character file.

Game seed: 18081777559817895288

60 voltaire321 the Magician (level 3, -1/20 HPs)
             Began as a Deep Elf Hedge Wizard on Aug 10, 2022.
             Slain by a howler monkey (5 damage)
             ... on level 3 of the Dungeon.
             The game lasted 00:06:31 (2493 turns).

voltaire321 the Magician (Deep Elf Hedge Wizard)    Turns: 2493, Time: 00:06:31

Health: -1/20      AC:  3    Str:  7    XL:     3   Next: 82%
Magic:  11/11      EV: 13    Int: 20    God:
Gold:   105        SH:  0    Dex: 14    Spells: 6/11 levels left

rFire   . . .      SeeInvis .   j - +3 whip
rCold   . . .      Faith    .   (no shield)
rNeg    . . .      Spirit   .   b - +0 robe
rPois   .          Reflect  .   c - +0 hat
rElec   .          Harm     .   (no cloak)
rCorr   .          Rampage  .   (no gloves)
Will    .....                   l - +0 pair of boots
Stlth   ++........              (no amulet)
HPRegen 0.06/turn               (no ring)
MPRegen 0.12/turn               (no ring)

@: no status effects
A: no striking features
a: no special abilities


You were on level 3 of the Dungeon.
You visited 1 branch of the dungeon, and saw 3 of its levels.

You collected 105 gold pieces.

Inventory:

Hand Weapons
 j - a +3 whip (weapon)
Armour
 b - a +0 robe (worn)
 c - a +0 hat (worn)
 l - a +0 pair of boots (worn)
Scrolls
 e - a scroll of magic mapping
 f - 2 scrolls of teleportation
 i - 4 scrolls of identify
Potions
 d - a potion of magic
 g - a potion of flight
 n - a potion of invisibility {unknown}
 o - 5 potions of curing {unknown}
 p - 2 potions of heal wounds {unknown}


   Skills:
 + Level 0.7 Fighting
 + Level 3.0 Dodging
 + Level 3.0 Stealth
 + Level 4.7 Spellcasting
 + Level 2.1 Conjurations
 + Level 1.7 Summonings
 + Level 1.6 Translocations


You had 6 spell levels left.
You knew the following spells:

 Your Spells              Type           Power      Damage    Failure   Level
a - Magic Dart            Conj           52%        1d5       4%          1
b - Blink                 Tloc           22%        N/A       9%          2
c - Call Imp              Summ           11%        N/A       9%          2

Your spell library contained the following spells:

 Spells                   Type           Power      Damage    Failure   Level
 Slow                     Hex            16%        N/A       12%         1
 Conjure Flame            Conj/Fire      8%         6-21      24%         3
 Mephitic Cloud           Conj/Pois/Air  7%         N/A       26%         3


Dungeon Overview and Level Annotations

Branches:
Dungeon (3/15)

Altars:


Message History

You see here a scroll of poison.
Found an emerald potion and a sapphire ring.
Casting: Magic Dart (safe; 4% risk of failure)
Confirm with . or Enter, or press ? or * to list all spells.
Aiming: Magic Dart (safe; 4% risk of failure)
Press: ? - help, Shift-Dir - straight line, f - goblin
Aim: a goblin, wielding a +0 club (100% to hit)
The magic dart hits the goblin.
You kill the goblin!
Your Dodging skill increases to level 3!
Magic restored.
p - 2 emerald potions (gained 1)
A howler monkey comes into view.
You now have 105 gold pieces (gained 7).
Found a scroll of identify.
You see here a scroll of identify.
The howler monkey howls!
The howler monkey hoots and howls with incredible vigour!
You hear a shout!
The howler monkey hits you.
You barely miss the howler monkey.
The howler monkey hoots and howls with incredible vigour!
The howler monkey hits you.
You hit the howler monkey.
The howler monkey is moderately wounded.
The howler monkey hits you.
You hit the howler monkey.
The howler monkey is heavily wounded.
The howler monkey closely misses you.
You hit the howler monkey.
The howler monkey is heavily wounded.
The howler monkey hits you. x2
* * * LOW HITPOINT WARNING * * *
You barely miss the howler monkey.
The howler monkey is heavily wounded.
The howler monkey hoots and howls with incredible vigour!
You hit the howler monkey.
The howler monkey is severely wounded.
The howler monkey hits you.
You die...

,,,,,,,*
##.....###~.~
,,,,,,**
#....)...##'#
,,,,,,*
####........##.#
*******
#...........##.#
#.##......#.#..#
###.#..###..#.#.##
#.?.#.##,##..?..#
#.#...#,_,#.....#
#@..###*,*###...#
#h.##,,*+*,,##..#
##.#,,,+,+,,,#..#
#.#*,**,**,*#..#
#..***,*,***...#
*#..,,,*,,,,...#
*##*,***,,,,,**
*,,,,,,****
********


You could see a howler monkey (catching breath).

Vanquished Creatures
  An adder (D:2)
  A worm (D:2)
  A dart slug (D:1)
  3 bats
  2 endoplasms (D:1)
  3 giant cockroaches
  5 goblins
  3 hobgoblins
  3 jackals (D:1)
  A quokka (D:2)
  5 ball pythons
  3 frilled lizards
  7 kobolds
  4 rats
42 creatures vanquished.

Notes
Turn   | Place    | Note
-------+----------+-------------------------------------------
     0 | D:1      | voltaire321 the Deep Elf Hedge Wizard began the quest for
                  | the Orb.
     0 | D:1      | Reached XP level 1. HP: 10/10 MP: 7/7
   252 | D:1      | Reached XP level 2. HP: 12/15 MP: 0/9
  1038 | D:1      | Reached XP level 3. HP: 20/20 MP: 7/11
  1484 | D:2      | Learned a level 2 spell: Blink
  1487 | D:2      | Learned a level 2 spell: Call Imp
  2493 | D:3      | Slain by a howler monkey

Illustrated notes

Levels and vault maps discovered:
D:1:      dpeg_arrival_line_fractal, layout_basic, minmay_pentomino_p2
D:2:      layout_basic, glass_columns_a
D:3:      layout_rooms, grunt_gozag_breadcrumbs, nemelex_dance_club_becter,
          kennysheep_small_spiral

Skill      XL: |  1  2  3 |
---------------+----------+-----
Conjurations   | 2 |  2.1
Stealth        | 3 |  3.0
Dodging        | 3 |  3.0
Fighting       | |  0.7
Spellcasting   | |  4.7
Summonings     | |  1.7
Translocations | |  1.6

Action                   || total
-------------------------++-------
Melee: Dagger            ||     6
       Whip              ||    35
       Punch             ||     1
 Cast: Magic Dart        ||    75
  Use: Scroll            ||     7
Armor: Robe              ||     8
Dodge: Dodged            ||    21

Table legend: (Time is in decaauts)
 A = Elapsed time spent in this place.
 B = Non-inter-level travel time spent in this place.
 C = Inter-level travel time spent in this place.
 D = Time resting spent in this place.
 E = Time spent auto-exploring this place.
 F = Levels seen in this place.
 G = Mean time per level.
                   A        B        C        D        E       F      G
               +--------+--------+--------+--------+--------+-----+--------+
         Total |   2496 |   2430 |     66 |    643 |   1327 |   3 |  832.0 |
       Dungeon |   2496 |   2430 |     66 |    643 |   1327 |   3 |  832.0 |
               +--------+--------+--------+--------+--------+-----+--------+

Top non-repeatable levels by time:
     D:1: 1322 daAuts
     D:2: 963 daAuts
     D:3: 210 daAuts
